 Dungeon Crawl Stone Soup version 0.31-a0-37-g98a128e1d9 (webtiles) character file.

Game seed: 11258420447343187476

26273 funkygono the Severer (level 12, -1/112 HPs)
             Began as a Minotaur Fighter on May 15, 2023.
             Was an Elder of Okawaru.
             Succumbed to a sea snake's poison
             ... on level 5 of the Lair of Beasts.
             The game lasted 00:23:53 (14188 turns).

funkygono the Severer (Minotaur Fighter)           Turns: 14188, Time: 00:23:53

Health: -1/112     AC: 24    Str: 25    XL:     12   Next: 96%
Magic:  11/12      EV: 15    Int:  5    God:    Okawaru [****..]
Gold:   1036       SH: 12    Dex: 11    Spells: 11/11 levels left

rFire   . . .        j - +8 mithril axe "Arga" {speed, Will+}
rCold   . . .        r - +0 kite shield
rNeg    . . .        k - +0 plate armour
rPois   .            (helmet restricted)
rElec   .            (no cloak)
rCorr   .            E - +1 pair of gloves
SInv    .            (no boots)
Will    +....        w - amulet of magic regeneration Stlth
                     q - +4 ring of protection
HPRegen 0.38/turn    o - +5 ring of evasion
MPRegen 0.53/turn

%: no passive effects
@: lethally poisoned (-1 -> -57), heroic
A: horns 2, retaliatory headbutt
a: Renounce Religion, Heroism, Finesse


You were on level 5 of the Lair of Beasts.
You worshipped Okawaru.
Okawaru was greatly pleased with you.
You visited 3 branches of the dungeon, and saw 16 of its levels.
You also visited: Sewer and Bailey.

You collected 1036 gold pieces.

Inventory:

Hand Weapons
 a - a +2 war axe of venom
 j - the +8 mithril axe "Arga" (weapon) {speed, Will+}
   (You acquired it on level 5 of the Dungeon)

   Will:      It increases your willpower.
Missiles
 f - 3 throwing nets
 y - 6 silver javelins
 C - 24 boomerangs (quivered)
 D - 17 javelins
Armour
 k - a +0 plate armour (worn)
 r - a +0 kite shield (worn)
 E - a +1 pair of gloves (worn)
 K - a +1 scale mail of fire resistance
 L - the +3 hat of Pondering {ponderous, Will+ MP+10 Int+5}
   (You found it in a bailey)

   Int:       It affects your intelligence (+5).
   MP:        It affects your magic capacity (+10).
   Will:      It increases your willpower.
Jewellery
 c - an amulet of guardian spirit
 l - a ring of poison resistance
 o - a +5 ring of evasion (right hand)
 q - a +4 ring of protection (left hand)
 v - a ring of resist corrosion
 w - an amulet of magic regeneration (around neck)
 H - a ring of positive energy
Wands
 B - a wand of roots (19)
 I - a wand of acid (6)
Scrolls
 e - 7 scrolls of identify
 g - 8 scrolls of teleportation
 h - 5 scrolls of poison
 i - 2 scrolls of brand weapon
 s - a scroll of enchant armour
 z - a scroll of acquirement
 G - a scroll of enchant weapon
 M - a scroll of silence
 N - a scroll of magic mapping
 Q - 3 scrolls of blinking
Potions
 b - a potion of mutation
 d - 4 potions of might
 m - 2 potions of haste
 n - a potion of invisibility
 p - a potion of berserk rage
 t - 9 potions of flight
 u - 2 potions of resistance
 x - 7 potions of curing
 F - 3 potions of heal wounds


   Skills:
 + Level 12.1(17.1) Fighting
 + Level 18.1(23.1) Axes
 + Level 3.8(8.8) Throwing
 + Level 11.7(16.7) Armour
 + Level 2.7(7.7) Dodging
 + Level 2.2(7.2) Stealth
 + Level 8.1(13.1) Shields
 + Level 1.6 Invocations


You had 11 spell levels left.
You didn't know any spells.
Your spell library contained the following spells:

 Spells                   Type           Power      Damage    Failure   Level
 Sandblast                Erth           0%         2d4       99%         1
 Shock                    Conj/Air       0%         1d3       99%         1
 Slow                     Hex            0%         N/A       99%         1
 Lesser Beckoning         Tloc           0%         N/A       100%        2
 Passwall                 Tmut/Erth      0%         N/A       100%        2
 Confusing Touch          Hex            0%         N/A       100%        3
 Gell's Gravitas          Tloc           0%         N/A       100%        3
 Stone Arrow              Conj/Erth      0%         3d7       100%        3
 Swiftness                Air            0%         N/A       100%        3
 Teleport Other           Tloc           0%         N/A       100%        3
 Vampiric Draining        Necr           0%         2d6       100%        3
 Airstrike                Air            0%         2d(0-16)  100%        4


Dungeon Overview and Level Annotations

Branches:
Dungeon (11/15)            Temple (1/1) D:5            Lair (3/5) D:11
  Swamp (0/4) Lair:2       Spider (0/4) Lair:2        Slime (0/5) Lair:5
    Orc (0/2) D:11          Sewer (visited)          Bailey (visited)

Altars:
Ashenzari
Cheibriados
Dithmenos
Elyvilon
Fedhas
Gozag
Hepliaklqana
Kikubaaqudgha
Makhleb
Nemelex Xobeh
Okawaru
Qazlal
Ru
Sif Muna
Trog
Uskayaw
Vehumet
Wu Jian
Xom
Yredelemnul
Zin
The Shining One
Jiyva

Shops:
D:1 *   D:10 *[

Annotations:
Lair:3 3 runed translucent doors, Ruczir's ghost, journeyman MiFi


Innate Abilities, Weirdness & Mutations

You have a pair of horns on your head.
You reflexively headbutt those who attack you in melee.


Message History

You feel extremely sick.
The sea snake bites you but does no damage.
You block the sea snake's attack.
* * * LOW HITPOINT WARNING * * *
You feel extremely sick.
You feel much better.
* * * LOW HITPOINT WARNING * * *
You feel extremely sick. The sea snake closely misses you.
You hit the sea snake.
The sea snake is lightly wounded.
* * * LOW HITPOINT WARNING * * *
You feel very sick.
The sea snake bites you but does no damage.
You miss the sea snake. You headbutt the sea snake!
The sea snake is moderately wounded.
* * * LOW HITPOINT WARNING * * *
You feel very sick. You block the sea snake's attack.
You slash the sea snake!
The sea snake is moderately wounded.
* * * LOW HITPOINT WARNING * * *
You feel very sick.
You feel much better.
You feel very sick.
The sea snake bites you but does no damage.
You block the sea snake's attack.
You gain the combat prowess of a mighty hero.
You feel very sick. The sea snake bites you!
* * * LOW HITPOINT WARNING * * *
You are lethally poisoned!
The sea snake poisons you!
You closely miss the sea snake. Your headbutt misses the sea snake.
The sea snake is moderately wounded.
* * * LOW HITPOINT WARNING * * *
You feel extremely sick.
You slice the sea snake!!
The sea snake is severely wounded.
You die...

##...........#~~~~
#........##..P.~~.~# #~#.~
##....#.##....~~#~~# ~~.~~
##.....# #..~.##~~# ~~8#
#....####....~~~~# P~#####
##......##..~.~~~~##.~~=?!/
#.......##..#~#P.P.~~~~}≈
#..†....#.....#~~~~#~~#
#...........@S~~~~..#
#.............~~.~#.~~#
##.....#.#....~##P~#~~~.~~~
#.....#.##...~~##~~~⌠~~~~.~~
##..?##.#....~~.~~P~##~#~~P~
##..###.#...~.~~~~#.~~.~~~~
##...........~~~.~#~#~~~..~
#.............##~~~~~~~~~~~
#..†.†........~.~~


You could see a sea snake.

Vanquished Creatures
  2 hydras
  A merfolk avatar (Lair:5)
  A two-headed ogre (D:11)
  Nergalle (Lair:2)
  2 sea snakes (Lair:5)
  2 bog bodies (Lair:2)
  2 orc knights (Bailey)
  An elephant (Lair:5)
  2 black mambas
  A gargoyle (D:11)
  9 cane toads
  Maggie (D:6)
  An unseen horror (D:11)
  3 rime drakes
  2 komodo dragons (Lair:5)
  3 trolls
  A polar bear (Lair:3)
  Grinder (D:3)
  11 blink frogs
  A wind drake (Lair:5)
  Prince Ribbit (D:9)
  A snapping turtle (Lair:5)
  Sigmund (D:6)
  25 yaks
  A wraith (D:11)
  The ghost of PostNTower the Conjurer, an amateur FeCj of Gozag (D:5)
  2 basilisks
  2 wyverns (D:8)
  2 steam dragons
  2 vampire mosquitoes (D:11)
  Edmund (D:6)
  Menkaure (D:4)
  A warg (D:11)
  An acid dragon (D:10)
  9 water moccasins
  A sky beast (D:7)
  4 black bears
  6 orc warriors
  2 ice beasts (D:6)
  6 wolves (Lair:5)
  3 centaurs
  2 kobold brigands
  6 bullfrogs
  6 scorpions
  3 gnoll sergeants
  5 wights (D:7)
  A wyvern skeleton (D:5)
  2 electric eels
  A howler monkey (D:9)
  A centaur zombie (D:5)
  4 hounds
  4 jellies
  7 orc priests
  Terence (D:3)
  A bullfrog skeleton (D:5)
  A sleepcap (D:6)
  2 iguanas
  13 orc wizards
  A sickly merfolk siren (Sewer)
  A malarious merfolk avatar (Sewer)
  5 adders
  19 gnolls
  5 river rats
  2 shadow imps
  3 dart slugs
  35 orcs
  9 endoplasms
  3 giant cockroaches
  8 goblins
  8 hobgoblins
  8 quokkas
  12 ball pythons
  4 bats
  6 frilled lizards
  30 kobolds
  30 rats
370 creatures vanquished.

Notes
Turn   | Place    | Note
-------+----------+-------------------------------------------
     0 | D:1      | funkygono the Minotaur Fighter began the quest for the Orb.
     0 | D:1      | Reached XP level 1. HP: 19/19 MP: 0/0
   134 | D:1      | Found Yheme's General Store.
   171 | D:1      | Reached XP level 2. HP: 27/27 MP: 1/1
   520 | D:1      | Reached XP level 3. HP: 33/33 MP: 2/2
   587 | D:2      | Reached skill level 3 in Axes
  1219 | D:3      | Noticed Terence
  1228 | D:3      | Killed Terence
  1229 | D:3      | Reached skill level 4 in Axes
  1229 | D:3      | Reached XP level 4. HP: 31/40 MP: 3/3
  1238 | D:3      | Found a shadowy altar of Dithmenos.
  1305 | D:3      | Noticed Grinder
  1312 | D:3      | Killed Grinder
  1313 | D:3      | Reached skill level 5 in Axes
  1313 | D:3      | Reached skill level 1 in Stealth
  1313 | D:3      | Reached XP level 5. HP: 40/47 MP: 4/4
  1313 | D:3      | Reached XP level 6. HP: 45/53 MP: 5/5
  1320 | D:3      | Found a glowing golden altar of the Shining One.
  1390 | D:3      | Found a glowing drain.
  1410 | Sewer    | Entered a sewer
  1506 | Sewer    | Reached skill level 5 in Armour
  1711 | Sewer    | Reached skill level 5 in Fighting
  1718 | Sewer    | Reached skill level 1 in Dodging
  1942 | D:3      | Reached skill level 6 in Axes
  2720 | D:4      | Found a blossoming altar of Fedhas.
  2922 | D:4      | Reached XP level 7. HP: 34/61 MP: 6/6
  3157 | D:4      | Noticed Menkaure
  3166 | D:4      | Killed Menkaure
  3499 | D:5      | Entered Level 5 of the Dungeon
  3505 | D:5      | Reached skill level 7 in Axes
  3516 | D:5      | Identified the +2 leather armour of Failure {Str+3}
  3541 | D:5      | Found a stormy altar of Qazlal.
  3544 | D:5      | Found an iron altar of Okawaru.
  3583 | D:5      | Found a shimmering altar of Xom.
  3590 | D:5      | Reached skill level 5 in Shields
  3658 | D:5      | Found a staircase to the Ecumenical Temple.
  3665 | D:5      | Noticed a steam dragon
  3670 | D:5      | Killed a steam dragon
  3671 | D:5      | Reached skill level 8 in Axes
  3682 | Temple   | Entered the Ecumenical Temple
  3858 | D:5      | Reached skill level 1 in Throwing
  3858 | D:5      | Reached XP level 8. HP: 68/69 MP: 7/7
  4032 | D:5      | Found a runed translucent gate.
  4032 | D:5      | Found a runed translucent gate.
  4032 | D:5      | Found a runed translucent gate.
  4033 | D:5      | Noticed PostNTower's ghost (amateur FeCj)
  4052 | D:5      | Killed PostNTower's ghost
  4186 | D:5      | Identified a scroll of acquirement
  4186 | D:5      | Acquired the +8 mithril axe "Arga" {speed, Will+}
  4186 | D:5      | Found the +8 mithril axe "Arga" {speed, Will+}
  4297 | D:6      | Reached skill level 9 in Axes
  4566 | D:6      | Noticed Maggie
  4578 | D:6      | Killed Maggie
  4579 | D:6      | Reached skill level 10 in Axes
  4579 | D:6      | Reached XP level 9. HP: 78/78 MP: 8/8
  4638 | D:6      | Noticed Sigmund
  4646 | D:6      | Killed Sigmund
  4676 | D:6      | Found an ornate altar of the Wu Jian Council.
  4677 | D:6      | Identified the +0 leather armour of Nuber {rF+ Will++
                  | Stlth-}
  4792 | D:6      | Reached skill level 11 in Axes
  5229 | D:6      | Noticed Edmund
  5236 | D:6      | Killed Edmund
  5315 | D:6      | Found a hide-covered altar of Uskayaw.
  5318 | D:6      | Found a basalt altar of Yredelemnul.
  5798 | D:7      | Reached skill level 12 in Axes
  6257 | D:7      | Reached XP level 10. HP: 88/88 MP: 9/9
  7090 | D:8      | Found an opulent altar of Gozag.
  7122 | D:8      | Reached skill level 13 in Axes
  7625 | D:5      | Became a worshipper of Warmaster Okawaru
  7691 | D:9      | Found a flagged portal.
  7701 | Bailey   | Entered a bailey
  7729 | Bailey   | Noticed an orc knight
  7760 | Bailey   | Killed an orc knight
  7824 | Bailey   | Noticed an orc knight
  7850 | Bailey   | Killed an orc knight
  8137 | Bailey   | Found the +3 hat of Pondering {ponderous, Will+ MP+10
                  | Int+5}
  8455 | D:9      | Reached * piety under Okawaru
  8462 | D:9      | Reached skill level 14 in Axes
  8510 | D:9      | Noticed Prince Ribbit
  8518 | D:9      | Killed Prince Ribbit
  8618 | D:9      | Found a transporter.
  8620 | D:9      | Found a transporter.
  8623 | D:9      | Found a transporter.
  8762 | D:9      | Found a transporter.
  9225 | D:10     | Entered Level 10 of the Dungeon
  9225 | D:10     | Found Loamn's Assorted Antiques.
  9225 | D:10     | Found Heurch's Armour Boutique.
 10206 | D:11     | Reached XP level 11. HP: 88/95 MP: 10/10
 10299 | D:11     | Reached skill level 10 in Armour
 10299 | D:11     | Reached ** piety under Okawaru
 10404 | D:11     | Noticed a two-headed ogre
 10413 | D:11     | Killed a two-headed ogre
 10414 | D:11     | Reached skill level 15 in Axes
 10469 | D:11     | Found a staircase to the Lair.
 10481 | D:11     | Found a staircase to the Orcish Mines.
 11018 | Lair:1   | Entered Level 1 of the Lair of Beasts
 11219 | Lair:1   | Reached skill level 10 in Fighting
 11267 | Lair:1   | Reached skill level 16 in Axes
 11273 | Lair:1   | Reached *** piety under Okawaru
 12060 | Lair:2   | Reached XP level 12. HP: 94/108 MP: 11/11
 12234 | Lair:2   | Reached **** piety under Okawaru
 12254 | Lair:2   | Found a staircase to the Swamp.
 12487 | Lair:2   | Noticed a four-headed hydra
 12487 | Lair:2   | Noticed Nergalle
 12504 | Lair:2   | Killed a nine-headed hydra
 12505 | Lair:2   | Reached skill level 17 in Axes
 12517 | Lair:2   | Killed Nergalle
 12755 | Lair:2   | Found a hole to the Spider Nest.
 13059 | Lair:3   | Reached skill level 1 in Invocations
 13432 | Lair:3   | Found a runed translucent gate.
 13433 | Lair:3   | Found a runed translucent gate.
 13434 | Lair:3   | Found a runed translucent gate.
 13434 | Lair:3   | Noticed a ten-headed hydra
 13434 | Lair:3   | Noticed Ruczir's ghost (journeyman MiFi)
 13486 | Lair:3   | You fall into a shaft and drop 2 floors!
 13486 | Lair:5   | Entered Level 5 of the Lair of Beasts
 13504 | Lair:5   | Noticed an eight-headed hydra
 13512 | Lair:5   | Killed a 13-headed hydra
 13655 | Lair:5   | Found a staircase to the Slime Pits.
 13658 | Lair:5   | Found a viscous altar of Jiyva.
 13917 | Lair:5   | Received a gift from Okawaru
 13927 | Lair:5   | Reached skill level 18 in Axes
 14131 | Lair:5   | Noticed a merfolk avatar
 14172 | Lair:5   | Killed a merfolk avatar
 14188 | Lair:5   | Succumbed to a sea snake's poison

Illustrated notes

Levels and vault maps discovered:
D:1:      lightli_arrival_statuegarden, layout_rooms, serial_shops, shop
D:2:      layout_rooms, minmay_tetromino_i2
D:3:      layout_loops_ring, grunt_dithmenos_smoke_and_mirrors,
          lemuel_round_altar, portal_sewer_entry_a, uniq_grinder, uniq_terence
D:4:      layout_basic, fedhas_altar_4, st_stairs_7, uniq_menkaure
D:5:      layout_rooms, lemuel_round_altar, nicolae_overflow_hidden_temple,
          minmay_temple_entry_glassed_door, gammafunk_ghost_necromancy,
          hangedman_minor_gate_pass
D:6:      layout_layer_cave, nzn_wu_jian_contemplation,
          nicolae_overflow_squiral, skrybe_limestone_x, uniq_sigmund,
          uniq_edmund, uniq_maggie
D:7:      layout_layer_cave
D:8:      layout_basic, old_standard_altar
D:9:      layout_basic, enter_bailey_2, kennysheep_small_spiral,
          nicolae_diode_quadrants, uniq_prince_ribbit1
D:10:     layout_loops_cross, nicolae_shop_distant_corner_stores,
          mrwooster_statue_mirror, kennysheep_flooded_box
D:11:     layout_irregular_city, lair_entry_dummy, erik_orc_4,
          grunt_ministairs_15
Temple:   hellmonk_temple_two_chambers
Lair:1:   layout_small_grid, serial_bayou_pond_e, grunt_megastairs_5
Lair:2:   layout_regular_city, skrybe_swamp_entry_bodies,
          spider_nest_entry_web_field, serial_bayou_pond_c, uniq_nergalle
Lair:3:   layout_cave_shapes, gammafunk_ghost_hydra_chop, beast_lair_carwin_2
Lair:5:   gammafunk_lair_ancient_temple, layout_small_grid, slime_entry_1,
          st_stairs_7, nicolae_lair_lakeside_cave

Skill      XL: |  1  2  3  4  5  6  7  8  9 10 11 12 |
---------------+-------------------------------------+-----
Fighting       | 4 5 6 7 8 10 12 | 12.1
Shields        | 4 5 6 7 8 |  8.1
Armour         | 4 5 6 8 9 10 11 | 11.7
Axes           | 4 5 6 8 10 12 14 16 18 | 18.1
Stealth        | 1 2 |  2.2
Dodging        | 1 2 |  2.7
Throwing       | 1 2 3 |  3.8
Invocations    | 1 |  1.6

Action                     |  1- 3 |  4- 6 |  7- 9 | 10-12 || total
---------------------------+-------+-------+-------+-------++-------
  Melee: War axe           |    70 |   164 |    58 |       ||   292
         Headbutt          |     8 |    18 |    31 |    92 ||   149
         Broad axe         |       |       |   100 |   451 ||   551
  Throw: Boomerang         |       |       |     5 |    44 ||    49
 Invoke: Heroism           |       |       |       |    21 ||    21
  Evoke: Wand              |       |       |       |     1 ||     1
    Use: Scroll            |       |       |    17 |    10 ||    27
         Potion            |       |       |       |     2 ||     2
 Armour: Scale mail        |     3 |       |       |       ||     3
         Chain mail        |    25 |    63 |    23 |       ||   111
         Plate armour      |       |       |    33 |   182 ||   215
  Dodge: Dodged            |    37 |   105 |    95 |   185 ||   422
  Block: Buckler           |    22 |    31 |    43 |    55 ||   151
         Kite shield       |       |       |       |    76 ||    76

Table legend: (Time is in decaauts)
 A = Elapsed time spent in this place.
 B = Non-inter-level travel time spent in this place.
 C = Inter-level travel time spent in this place.
 D = Time resting spent in this place.
 E = Time spent auto-exploring this place.
 F = Levels seen in this place.
 G = Mean time per level.
                   A        B        C        D        E       F      G
               +--------+--------+--------+--------+--------+-----+--------+
         Total |  14142 |  13610 |    532 |    242 |  10486 |  18 |  785.7 |
       Dungeon |   9858 |   9384 |    474 |    177 |   7450 |  11 |  896.2 |
        Temple |     45 |     42 |      3 |      0 |     34 |   1 |   45.0 |
          Lair |   3067 |   3013 |     54 |     65 |   2391 |   4 |  766.8 |
         Sewer |    583 |    583 |      0 |      0 |    283 |   1 |  583.0 |
        Bailey |    587 |    587 |      0 |      0 |    328 |   1 |  587.0 |
               +--------+--------+--------+--------+--------+-----+--------+

Top non-repeatable levels by time:
     D:6: 1392 daAuts
     D:7: 1191 daAuts
     D:4: 1025 daAuts
  Lair:2: 1001 daAuts
     D:9: 981 daAuts
  Lair:1: 975 daAuts
     D:3: 953 daAuts
    D:10: 893 daAuts
    D:11: 827 daAuts
     D:8: 775 daAuts
     D:5: 747 daAuts
  Lair:5: 662 daAuts
  Bailey: 587 daAuts
   Sewer: 583 daAuts
     D:1: 567 daAuts
